 Dungeon Crawl Stone Soup version 0.32-a0-391-gce5c0aab1b (webtiles) character file.

Game seed: 18043095151423985340

48 shadowstone the Ruffian (level 3, -1/9 HPs)
             Began as an Octopode Shapeshifter on Feb 20, 2024.
             Slain by a goblin
             ... wielding a +0 dagger of freezing
             ... led by Robin
              (2 damage)
             ... on level 2 of the Dungeon.
             The game lasted 00:01:56 (745 turns).

shadowstone the Ruffian (Octopode Shapeshifter)      Turns: 745, Time: 00:01:56

Health: -1/9       AC:  4    Str: 20    XL:     3   Next: 72%
Magic:  3/3        EV: 10    Int: 12    God:
Gold:   62         SH:  0    Dex: 11    Spells: 2/2 levels left

rFire   . .          .
                       - Unarmed
rCold   . . .        (shield currently unavailable)
rNeg    . . .        (helmet currently unavailable)
rPois   +            (no amulet)
rElec   .            (no ring)
rCorr   .            (no ring)
SInv    .            (no ring)
Will    .....        (no ring)
Stlth   +            (no ring)
HPRegen 0.21/turn    (no ring)
MPRegen 0.08/turn    (no ring)
                     (no ring)

%: no passive effects
@: lethally poisoned (-1 -> -8), snake-form
A: constrict, reduced hp, almost no armour, amphibious, 8 rings, large,
(camouflage 1), (gelatinous body 1), (nimble swimmer 1), (tentacles)
a: Begin Untransformation


You were on level 2 of the Dungeon.
You were an enormous serpent.
You visited 1 branch of the dungeon, and saw 2 of its levels.

You collected 62 gold pieces.

Inventory:

Talismans
 b - a beast talisman
 c - a flux talisman
 h - a serpent talisman (active)
Scrolls
 d - a scroll of enchant armour {unknown}
 e - a scroll of noise {unknown}
 g - a scroll of identify {unknown}
Potions
 a - 2 potions of lignification
 f - a potion of attraction {unknown}


   Skills:
 + Level 1.0 Fighting
 + Level 2.6 Dodging
 + Level 3.7 Unarmed Combat
 + Level 3.4 Shapeshifting


You had 2 spell levels left.
You didn't know any spells.
Your spell library was empty.

Dungeon Overview and Level Annotations

Branches:
Dungeon (2/15)

Altars:

Annotations:
D:2 Robin


Innate Abilities, Weirdness & Mutations

You are an enormous serpent.
You have a powerful constriction melee attack.
Your maximum health is decreased, since you lack skill for your form.
Your armour is entirely melded.
You are incapable of wielding weapons or throwing items.
You cannot wear most types of armour.
You are amphibious.
You can wear up to eight rings at the same time.
((Your skin changes colour to match your surroundings (Stealth+).))
((Your rubbery body absorbs attacks. (AC +1, EV +1)))
((You are camouflaged when in or above water. (Stealth+)))
((You have tentacles for arms and can constrict up to eight enemies at once.))


Message History

You see here a +0 pair of boots.
i - a +0 pair of boots You can't wear that!
You drop a +0 pair of boots.
You begin transforming.
You continue transforming. x3
Your transformation has ended.
You turn into an enormous serpent.
Found a stone staircase leading down.
You now have 62 gold pieces (gained 3). 2 goblins come into view.
A goblin is wielding a +0 dagger of freezing.
Found a scroll labelled YNATI TIBITHRI.
The goblin shouts!
You hear a shout! x3
Robin of the Strong Arm comes into view.
They are wielding a +0 dagger. 3 goblins come into view.
A goblin is wielding a +1 dagger of venom.
The goblin shouts! x3; Robin shouts!
You hear a shout! x3
You see here 14 gold pieces. 2 hobgoblins come into view.
The hobgoblin shouts! x2
The goblin hits you with a +0 club.
You hit the goblin but do no damage. You grab the goblin.
You constrict the goblin.
A hobgoblin comes into view.
The goblin hits you with a +0 club. Robin throws the goblin at you!
The goblin hits you but does no damage.
You barely miss the goblin.
The goblin is moderately wounded.
You constrict the goblin.
A goblin comes into view. It is wielding a +0 dagger.
The goblin barely misses you. The goblin hits you but does no damage.
You lash the goblin!
You kill the goblin!
The goblin hits you with a +1 dagger of venom.
You are lethally poisoned!
You hit the goblin but do no damage. Your grab misses the goblin.
* * * LOW HITPOINT WARNING * * *
You feel sick.
The goblin hits you with a +0 dagger of freezing.
You die... #gg gg.

#g# #g# #.# #g# .# #g#
.### #S#
...####.########g####..#
........................
...#########..........?#
...# ##.....####.##
...###### #......# .##
........# #.....### #...
...####.# #.)#.>..#...
...####.###..####.#.#.#.#


You could see Robin, 3 hobgoblins and 5 goblins.

Vanquished Creatures
  A ribbon worm (D:2)
  2 ball pythons (D:1)
  3 endoplasms
  A giant cockroach (D:1)
  3 goblins
  2 hobgoblins (D:1)
  4 jackals (D:1)
  3 kobolds
  3 bats
  A frilled lizard (D:1)
  A rat (D:1)
24 creatures vanquished.

Notes
Turn   | Place    | Note
-------+----------+-------------------------------------------
     0 | D:1      | shadowstone the Octopode Shapeshifter began the quest for
                  | the Orb.
     0 | D:1      | Reached XP level 1. HP: 13/13 MP: 1/1
   136 | D:1      | Reached XP level 2. HP: 12/18 MP: 2/2
   270 | D:1      | Reached XP level 3. HP: 13/23 MP: 3/3
   739 | D:2      | Noticed Robin
   745 | D:2      | Slain by a goblin

Illustrated notes

Levels and vault maps discovered:
D:1:      minmay_arrival_widening_spiral_wide, layout_rooms
D:2:      layout_loops_ring, minmay_octomino_e4, uniq_robin, uniq_natasha

Action                     || total
---------------------------++-------
  Melee: Unarmed           ||    50
         Tentacles         ||     6
         Constrict         ||     8
   Stab: Sleeping          ||     2
 Armour: Skin              ||    32
  Dodge: Dodged            ||    49
   Form: Serpent           ||     1

Table legend: (Time is in decaauts)
 A = Elapsed time spent in this place.
 B = Non-inter-level travel time spent in this place.
 C = Inter-level travel time spent in this place.
 D = Time resting spent in this place.
 E = Time spent auto-exploring this place.
 F = Levels seen in this place.
 G = Mean time per level.
                   A        B        C        D        E       F      G
               +--------+--------+--------+--------+--------+-----+--------+
         Total |    741 |    734 |      7 |     65 |    277 |   2 |  370.5 |
       Dungeon |    741 |    734 |      7 |     65 |    277 |   2 |  370.5 |
               +--------+--------+--------+--------+--------+-----+--------+

Top non-repeatable levels by time:
     D:1: 627 daAuts
     D:2: 114 daAuts
